Map: Prion Terraces

Players

Jardozer

  • Race: Zerg Zerg

Chris (MCanning) - Winner!

  • Race: Protoss Protoss
  • League: Master

VOD

Have the link to the VOD?

Description

Time

  • Played on: Nov. 12, 2015, 11:25 p.m.
  • Length: 14:21
Show
View Real Time Build Order
Export as new Build Order

Jardozer Zerg 

Build Orders: 3 Hatch before Pool, Lurkers 

Get SALT Encoding   

  12  0:01  Drone  
  13  0:11  Drone  
  14  0:19  Overlord  
  14  0:30  Extractor  
  14  0:31  Drone x2, Extractor  
  16  0:38  Drone  
  17  0:47  Drone  
  18  1:03  Drone  
  19  1:09  Hatchery  
  18  1:23  Drone  
  18  1:25  Hatchery  
  18  1:30  Overlord, Extractor  
  17  1:34  Drone  
  17  1:37  Drone  
  19  1:50  Spawning Pool  
  19  1:54  Drone  
  19  1:59  Drone  
  20  2:28  Overlord  
  20  2:38  Queen x3  
  20  2:42  Metabolic Boost  
  26  2:54  Drone x2  
  26  2:55  Drone  
  29  3:01  Drone x2  
  29  3:05  Drone x2  
  33  3:10  Drone x2  
  35  3:17  Drone  
  36  3:25  Overlord  
  36  3:26  Drone x4  
  40  3:29  Drone x2  
  42  3:40  Drone x3  
  45  3:44  Roach Warren  
  45  3:46  Queen  
  46  3:49  Queen  
  46  3:53  Drone  
  49  3:56  Zergling x8  
  49  4:01  Zergling x2  
  49  4:02  Zergling x6  
  57  4:06  Overlord  
  57  4:07  Overlord  
  57  4:11  Drone  
  57  4:13  Spore Crawler  
  57  4:16  Spore Crawler  
  56  4:17  Spore Crawler  
  56  4:18  Drone  
  56  4:23  Drone x2  
  58  4:24  Overlord  
  58  4:26  Drone x2  
  58  4:27  Drone x2  
  62  4:40  Drone x3  
  62  4:41  Drone x4  
  62  4:43  Extractor  
  62  4:45  Extractor  
  67  4:46  Extractor  
  67  4:47  Lair  
  67  4:48  Evolution Chamber  
  67  4:49  Evolution Chamber  
  67  4:52  Drone x3  
  67  4:53  Drone x3  
  67  4:56  Drone x2  
  67  4:58  Drone  
  67  4:59  Drone  
  74  5:06  Overlord x3  
  74  5:15  Zerg Ground Armor Level 1, Zerg Melee Weapons Level 1  
  74  5:24  Overlord  
  73  5:30  Roach x6  
  73  5:31  Roach x4  
  93  5:35  Overlord  
  93  5:37  Zergling x4  
  91  5:44  Roach  
  91  5:45  Roach x2  
  91  5:48  Extractor  
  91  5:49  Extractor  
  93  5:57  Glial Reconstitution  
  93  5:58  Drone  
  93  5:59  Drone x2  
  93  6:00  Drone x3  
  93  6:03  Drone x3  
  102  6:11  Hydralisk Den  
  101  6:14  Hatchery  
  101  6:17  Ravager x3  
  103  6:18  Overlord  
  103  6:19  Overlord x2  
  103  6:23  Zergling x2  
  103  6:24  Zergling x8  
  108  6:31  Drone x2  
  110  6:35  Ravager x3  
  110  6:37  Ravager  
  110  6:38  Zergling x2  
  110  6:39  Zergling x14  
  122  6:47  Muscular Augments  
  122  6:49  Zergling x6  
  120  7:05  Roach  
  120  7:06  Roach x6  
  125  7:10  Overseer  
  125  7:15  Roach x3  
  121  7:16  Roach x2  
  108  7:24  Overseer  
  108  7:25  Overseer  
  108  7:26  Roach x3  
  108  7:27  Roach x4  
  114  7:31  Zergling x2  
  114  7:34  Zerg Missile Weapons Level 1  
  114  7:35  Zergling x4  
  117  7:41  Drone x2  
  118  7:46  Ravager x3  
  118  7:47  Zergling x2  
  118  7:48  Zergling x10  
  127  7:54  Zergling x2  
  127  7:57  Zergling x4  
  127  7:58  Spine Crawler x2  
  129  7:59  Spine Crawler  
  129  8:00  Spine Crawler  
  129  8:02  Ravager x2  
  129  8:03  Ravager x2  
  129  8:04  Zergling x10  
  135  8:08  Roach x2  
  135  8:09  Extractor  
  135  8:10  Spore Crawler, Extractor  
  135  8:11  Drone x4, Spine Crawler  
  135  8:12  Spine Crawler  
  138  8:16  Roach  
  122  8:34  Roach x2  
  122  8:35  Roach x6  
  122  8:36  Overlord x4  
  122  8:37  Drone x4  
  107  8:49  Hydralisk x5  
  107  8:54  Lurker Den  
  119  9:02  Ravager x2  
  119  9:03  Ravager x2  
  119  9:07  Zergling x10  
  119  9:08  Zergling x6  
  129  9:16  Zergling x4  
  131  9:21  Drone  
  131  9:22  Drone, Spire  
  131  9:23  Drone  
  133  9:29  Zergling x4  
  133  9:30  Zergling x8  
  133  9:31  Zergling x2  
  140  9:43  Ravager x3  
  140  9:44  Roach x6  
  155  9:52  Overlord  
  153  10:06  Roach x3  
  165  10:07  Roach x4  
  165  10:09  Overlord x2  
  133  10:23  Hatchery, Extractor x2  
  133  10:25  Drone x6  
  133  10:27  Lurker x4  
  140  10:29  Hydralisk x2  
  144  10:48  Mutalisk  
  144  10:49  Mutalisk x8  
  152  10:54  Mutalisk x2  
  166  11:04  Lurker x2  
  168  11:12  Drone  
  168  11:14  Mutalisk x2  
  171  11:21  Extractor  
  171  11:22  Hatchery, Roach x5  
  171  11:23  Extractor  
  174  11:31  Mutalisk  
  174  11:32  Mutalisk x2  
  180  11:38  Mutalisk x2  
  184  11:44  Mutalisk  
  182  11:52  Overlord x3  
  175  12:22  Roach x7  
  152  12:23  Roach x8  
  152  12:27  Mutalisk x3  
  149  12:37  Drone x3  
  149  12:38  Drone  
  149  12:41  Hydralisk x2  
  157  12:46  Mutalisk x2  
  150  13:02  Ravager x5  
  150  13:03  Ravager x3  
  158  13:09  Drone  
  158  13:10  Drone x6  
  158  13:11  Mutalisk  
  165  13:23  Ravager x5  
  165  13:24  Ravager  
  144  13:37  Hydralisk  
  144  13:38  Hydralisk x5  
  150  13:43  Mutalisk  
Show
View Real Time Build Order
Export as new Build Order

Chris Protoss - Winner!

Build Orders: Nexus First, Zealot Archon 

Get SALT Encoding   

  12  0:01  Probe (Chrono Boost)  
  13  0:11  Probe (Chrono Boost)  
  14  0:18  Pylon  
  14  0:22  Probe (Chrono Boost)  
  15  0:36  Probe (Chrono Boost)  
  16  0:46  Probe (Chrono Boost)  
  17  0:58  Nexus  
  17  1:02  Probe (Chrono Boost)  
  18  1:11  Gateway  
  18  1:14  Probe (Chrono Boost)  
  19  1:21  Assimilator  
  19  1:25  Assimilator  
  19  1:28  Probe (Chrono Boost)  
  20  1:38  Probe (Chrono Boost)  
  21  1:40  Pylon  
  21  1:49  Probe (Chrono Boost)  
  22  1:59  Probe (Chrono Boost)  
  23  2:02  Cybernetics Core  
  23  2:10  Probe (Chrono Boost)  
  23  2:14  Pylon  
  24  2:19  Probe (Chrono Boost)  
  24  2:20  Probe (Chrono Boost)  
  27  2:30  Probe (Chrono Boost)  
  27  2:31  Probe (Chrono Boost)  
  28  2:41  Stalker  
  28  2:42  Mothership Core (Chrono Boost)  
  32  2:48  Warp Gate  
  32  2:49  Probe (Chrono Boost)  
  33  2:54  Pylon  
  33  3:00  Probe x2 (Chrono Boost)  
  35  3:10  Probe x2 (Chrono Boost)  
  39  3:15  Pylon  
  39  3:21  Probe x2 (Chrono Boost)  
  39  3:24  Sentry  
  41  3:27  Pylon  
  41  3:31  Probe x2 (Chrono Boost)  
  43  3:35  Twilight Council  
  43  3:42  Probe x2 (Chrono Boost), Forge  
  45  3:50  Assimilator  
  45  3:52  Sentry, Probe (Chrono Boost)  
  45  3:53  Probe (Chrono Boost)  
  45  3:54  Assimilator  
  49  4:03  Probe (Chrono Boost)  
  49  4:04  Gateway  
  49  4:05  Gateway  
  49  4:06  Probe (Chrono Boost)  
  51  4:13  Probe (Chrono Boost)  
  53  4:17  Probe (Chrono Boost)  
  53  4:19  Protoss Ground Weapons Level 1 (Chrono Boost)  
  53  4:20  Blink  
  54  4:24  Probe (Chrono Boost)  
  54  4:27  Probe (Chrono Boost)  
  55  4:36  Probe (Chrono Boost)  
  56  4:38  Probe (Chrono Boost)  
  56  4:47  Probe (Chrono Boost)  
  56  4:48  Gateway, Probe (Chrono Boost)  
  56  4:51  Gateway  
  56  4:52  Pylon  
  58  4:58  Probe, Adept  
  61  5:00  Adept  
  61  5:02  Adept  
  61  5:03  Probe  
  61  5:04  Gateway  
  65  5:11  Probe, Dark Shrine  
  65  5:12  Pylon  
  66  5:17  Robotics Facility  
  66  5:22  Adept x2  
  70  5:29  Probe  
  70  5:45  Probe  
  71  5:54  Probe  
  71  5:56  Nexus  
  72  5:59  Pylon, Protoss Ground Weapons Level 2 (Chrono Boost)  
  72  6:01  Pylon  
  72  6:02  Probe  
  73  6:06  Probe  
  73  6:07  Observer (Chrono Boost)  
  73  6:10  Robotics Bay  
  75  6:14  Probe  
  75  6:15  Stalker  
  79  6:18  Probe  
  79  6:22  Photon Cannon  
  79  6:23  Stalker x2  
  79  6:24  Stalker x2  
  87  6:26  Probe  
  88  6:33  Dark Templar  
  88  6:35  Probe, Immortal (Chrono Boost)  
  88  6:38  Probe  
  96  6:42  Dark Templar  
  98  6:58  Stalker x2  
  98  7:02  Dark Templar x2  
  98  7:06  Probe  
  98  7:07  Probe  
  95  7:14  Probe  
  88  7:17  Dark Templar  
  88  7:18  Zealot  
  90  7:24  Gateway  
  90  7:25  Gateway  
  90  7:30  Disruptor  
  90  7:33  Pylon  
  90  7:34  Pylon  
  93  7:39  Archon  
  93  7:41  Archon  
  91  7:48  Stalker  
  91  7:49  Stalker x3, Assimilator  
  99  7:53  Assimilator  
  99  7:57  Probe  
  100  8:01  Disruptor, Pylon  
  100  8:02  Stalker  
  100  8:04  Zealot  
  108  8:20  Probe  
  108  8:23  Protoss Ground Weapons Level 3 (Chrono Boost)  
  108  8:24  Adept x4  
  108  8:25  Adept  
  118  8:30  Probe  
  118  8:32  Disruptor  
  118  8:33  Probe  
  116  8:36  Pylon  
  116  8:39  Pylon  
  116  8:41  Pylon  
  119  8:43  Pylon  
  115  8:50  Stalker x4  
  115  8:55  Nexus  
  123  8:58  Pylon x2  
  123  9:04  Stalker  
  123  9:05  Stalker x2  
  123  9:06  Observer  
  130  9:15  Stalker x3  
  136  9:18  Zealot  
  136  9:22  Photon Cannon  
  138  9:24  Photon Cannon  
  138  9:26  Stalker  
  138  9:29  Disruptor  
  141  9:40  Probe  
  141  9:45  Adept x3  
  148  9:46  Adept x4  
  148  9:48  Probe  
  148  9:49  Probe  
  156  9:53  Probe  
  157  10:00  Probe, Disruptor  
  157  10:01  Probe  
  157  10:05  Probe, Pylon, Robotics Facility  
  154  10:21  Pylon  
  154  10:22  Stalker x2  
  154  10:23  Stalker  
  154  10:28  Pylon  
  160  10:33  Disruptor (Chrono Boost), Photon Cannon  
  161  10:35  Probe  
  161  10:37  Photon Cannon  
  161  10:38  Probe  
  161  10:40  Probe, Photon Cannon  
  166  10:43  Assimilator  
  166  10:44  Stalker x2, Assimilator  
  170  10:53  Stalker  
  170  10:54  Stalker x2  
  170  10:55  Protoss Ground Armor Level 1  
  176  10:57  Disruptor (Chrono Boost)  
  179  11:04  Dark Templar x2  
  179  11:09  Probe  
  184  11:16  Pylon  
  184  11:22  Probe  
  185  11:29  Stalker x4, Observer (Chrono Boost)  
  194  11:33  Observer Gravitic Boosters (Chrono Boost)  
  194  11:34  Nexus  
  194  11:35  Pylon  
  194  11:36  Resonating Glaives, Pylon  
  194  11:37  Stargate  
  194  11:49  Stargate  
  194  11:53  Zealot x2  
  194  11:54  Zealot x2  
  200  11:59  Stargate  
  200  12:01  Photon Cannon  
  200  12:04  Photon Cannon  
  200  12:09  Photon Cannon  
  179  12:24  Probe  
  179  12:28  Phoenix (Chrono Boost)  
  171  12:31  Fleet Beacon  
  171  12:33  Pylon  
  171  12:35  Zealot x2  
  171  12:36  Zealot x2  
  171  12:37  Zealot x4  
  181  12:44  Phoenix (Chrono Boost)  
  189  12:46  Phoenix (Chrono Boost)  
  187  12:53  Phoenix (Chrono Boost)  
  185  13:05  Phoenix (Chrono Boost)  
  179  13:06  Dark Templar x3  
  179  13:08  Phoenix (Chrono Boost)  
  179  13:11  Anion Pulse-Crystals (Chrono Boost), Photon Cannon  
  179  13:12  Phoenix (Chrono Boost)  
  179  13:14  Photon Cannon  
  179  13:18  Photon Cannon  
  181  13:28  Phoenix (Chrono Boost)  
  181  13:32  Probe, Phoenix (Chrono Boost)  
  178  13:40  Phoenix (Chrono Boost)  
  169  13:46  Assimilator  
  167  13:55  Phoenix (Chrono Boost)  
  155  13:59  Phoenix (Chrono Boost)  
  159  14:07  Probe  
Tags
 
Add a new tag
Caveats
  • Supply blocks, unpowered buildings, or Contaminate may cause inaccurate times.
  • Supply counts are checked every 10 seconds.